[Event "48th Indian U15-ch Open 2023"]
[Site "Jalgaon"]
[Date "2023.12.28"]
[Round "3.4"]
[White "Vivaan Vijay Saraogi"]
[Black "Guru Prakash"]
[Result "1/2-1/2"]
[WhiteElo "1982"]
[BlackElo "1701"]
[PlyCount "86"]
[EventDate "2023.12.30"]
[EventType "swiss"]
[EventCountry "IND"]
[TimeControl "5400+30"]

1. e4 c5 2. Nf3 e6 3. d4 cxd4 4. Nxd4 a6 5. Bd3 Nf6 6. O-O Qc7 7. Qe2 d5 8. e5 Nfd7 9. Bf4 Nc5 10. Nc3 Be7 11. Bg3 Nc6 12. Nb3 Nxd3 13. cxd3 O-O 14. Rac1 Qb6 15. Kh1 f6 16. exf6 Bxf6 17. Na4 Qd8 18. f4 Na5 19. Nxa5 Qxa5 20. b3 b6 21. Rc7 b5 22. Rfc1 bxa4 23. Rxc8 axb3 24. Qxe6+ Kh8 25. Rxa8 Rxa8 26. axb3 h6 27. Be1 Qb5 28. Rc8+ Rxc8 29. Qxc8+ Kh7 30. Qf5+ Kh8 31. Qc8+ Kh7 32. Qc2 Bd4 33. h3 Be3 34. Bg3 d4 35. Kh2 Qb8 36. Qc6 Qxb3 37. Qxa6 Qd1 38. h4 Qg1+ 39. Kh3 Qh1+ 40. Kg4 Qd1+ 41. Kh3 Qh1+ 42. Kg4 Qxg2 43. h5 Bf2 1/2-1/2

[Event "48th Indian U15-ch Open 2023"]
[Site "Jalgaon"]
[Date "2023.12.28"]
[Round "3.5"]
[White "Agnivo Chakraborty"]
[Black "Mrithyunjay Mahadevan"]
[Result "1/2-1/2"]
[WhiteElo "1690"]
[BlackElo "1944"]
[PlyCount "125"]
[EventDate "2023.12.30"]
[EventType "swiss"]
[EventCountry "IND"]
[TimeControl "5400+30"]

1. e4 c5 2. Nf3 e6 3. d4 cxd4 4. Nxd4 Nf6 5. Nc3 Nc6 6. Ndb5 d6 7. Bf4 e5 8. Bg5 a6 9. Na3 b5 10. Bxf6 gxf6 11. Nd5 Bg7 12. Bd3 O-O 13. O-O Be6 14. c4 Nd4 15. Nc2 bxc4 16. Bxc4 Rc8 17. Nce3 f5 18. exf5 Nxf5 19. Bxa6 Nxe3 20. Nxe3 Rb8 21. Bc4 Bxc4 22. Nxc4 d5 23. Ne3 d4 24. Nf5 Rxb2 25. Qg4 Qf6 26. Rfe1 Re8 27. Nxg7 Qxg7 28. Qxd4 Reb8 29. Qc3 f6 30. a4 Qa7 31. Qf3 Kg7 32. Red1 R8b4 33. a5 Rf4 34. Qg3+ Kf7 35. Rf1 h5 36. a6 Rb6 37. Qd3 Kg7 38. Ra2 Rd4 39. Qe2 Rbb4 40. h3 h4 41. Rc1 Ra4 42. Rca1 Rab4 43. Qc2 Rd6 44. Rc1 e4 45. Qc7+ Qxc7 46. Rcc2 Qc6 47. Rxc6 Kg6 48. Rc1 Rb8 49. a7 Ra8 50. Kf1 Rd7 51. Rca1 Kg5 52. Ke2 Kf4 53. Ra6 f5 54. R1a5 Rad8 55. Ra1 Ra8 56. R6a3 Rc7 57. g3+ hxg3 58. fxg3+ Kg5 59. Ke3 Rd7 60. R1a2 Rh7 61. h4+ Kg4 62. Kd4 Re7 63. Rf2 1/2-1/2

[Event "48th Indian U15-ch Open 2023"]
[Site "Jalgaon"]
[Date "2023.12.28"]
[Round "3.6"]
[White "Samyak Dharewa"]
[Black "Shreyas Raj"]
[Result "1-0"]
[WhiteElo "1939"]
[BlackElo "1689"]
[PlyCount "33"]
[EventDate "2023.12.30"]
[EventType "swiss"]
[EventCountry "IND"]
[TimeControl "5400+30"]

1. e4 c5 2. Nf3 d6 3. d4 cxd4 4. Nxd4 Nf6 5. Nc3 Nc6 6. Bg5 g6 7. Bxf6 exf6 8. Bc4 a6 9. O-O Bg7 10. Nde2 O-O 11. Qd2 f5 12. Rad1 fxe4 13. Nxe4 Bxb2 14. c3 Ba3 15. Qh6 Re8 16. Ng5 Ne5 17. Bxf7+ 1-0

[Event "48th Indian U15-ch Open 2023"]
[Site "Jalgaon"]
[Date "2023.12.28"]
[Round "3.7"]
[White "Ashwinth Michael"]
[Black "Jihan Tejas Shah"]
[Result "1-0"]
[WhiteElo "1661"]
[BlackElo "1891"]
[PlyCount "185"]
[EventDate "2023.12.30"]
[EventType "swiss"]
[EventCountry "IND"]
[TimeControl "5400+30"]

1. e4 c5 2. Nf3 Nc6 3. Bb5 g6 4. O-O Bg7 5. Re1 e5 6. Nc3 Nge7 7. Nd5 O-O 8. d3 h6 9. c3 d6 10. Bxc6 Nxc6 11. b3 f5 12. Bb2 Be6 13. Ne3 Qd7 14. exf5 gxf5 15. Rb1 d5 16. Nd2 Qf7 17. c4 d4 18. Nef1 Nb4 19. Qe2 Nxa2 20. Ng3 Bd7 21. Nf3 Rfe8 22. Bxd4 cxd4 23. Qxa2 Bf6 24. Qd2 Qg6 25. Qa5 Bc6 26. Nxe5 Bxe5 27. Rxe5 f4 28. Rxe8+ Rxe8 29. Qf5 Qg5 30. Qxg5+ hxg5 31. Nf5 Re2 32. Nxd4 Rd2 33. Nxc6 bxc6 34. Kf1 Rxd3 35. Ke2 Rd7 36. Rd1 Rb7 37. Rd3 Kf7 38. Kf3 Re7 39. h4 Kf6 40. hxg5+ Kxg5 41. g3 fxg3 42. fxg3 Re1 43. Re3 Ra1 44. Ke4 a5 45. Kd4 Ra3 46. Kc3 Ra1 47. Re6 Rg1 48. Re3 Ra1 49. Kd4 Ra3 50. Kc5 Kg4 51. Rd3 Kh3 52. Kd4 Kg4 53. Kc3 Ra1 54. Rd6 Rg1 55. Kb2 Kf3 56. Rxc6 Rxg3 57. Rc5 a4 58. bxa4 Ke4 59. Rd5 Rg2+ 60. Kb3 Rg1 61. Rd2 Ke3 62. Rd8 Rb1+ 63. Kc3 Rc1+ 64. Kb4 Rb1+ 65. Kc5 Ra1 66. Kb5 Rb1+ 67. Kc6 Ra1 68. c5 Rxa4 69. Kb5 Ra1 70. c6 Rb1+ 71. Ka6 Ra1+ 72. Kb7 Rb1+ 73. Kc8 Ke4 74. c7 Rc1 75. Kb7 Rb1+ 76. Kc6 Rc1+ 77. Kd6 Rxc7 78. Kxc7 Ke5 79. Kc6 Ke4 80. Kc5 Ke3 81. Rd4 Kf3 82. Kd5 Ke3 83. Ke5 Kf3 84. Rd3+ Ke2 85. Ke4 Kf2 86. Re3 Kg2 87. Kf4 Kf2 88. Re5 Kg2 89. Re2+ Kf1 90. Kf3 Kg1 91. Re1+ Kh2 92. Ra1 Kh3 93. Rh1# 1-0

[Event "48th Indian U15-ch Open 2023"]
[Site "Jalgaon"]
[Date "2023.12.28"]
[Round "3.8"]
[White "Arshpreet Singh"]
[Black "Ghadge Harsh"]
[Result "1-0"]
[WhiteElo "1878"]
[BlackElo "1663"]
[PlyCount "80"]
[EventDate "2023.12.30"]
[EventType "swiss"]
[EventCountry "IND"]
[TimeControl "5400+30"]

1. e4 c6 2. c4 d5 3. exd5 cxd5 4. cxd5 Nf6 5. Bb5+ Nbd7 6. Nc3 a6 7. Ba4 b5 8. Bb3 Nb6 9. d4 Bb7 10. Nf3 Nbxd5 11. Nxd5 Nxd5 12. O-O e6 13. Ne5 Be7 14. Qg4 Bf6 15. Re1 h5 16. Qf3 Ra7 17. a4 b4 18. a5 Ne7 19. Qe2 Bd5 20. Ba4+ Kf8 21. Bd2 Nf5 22. Bxb4+ Kg8 23. Bc5 Bxe5 24. Qxe5 Qg5 25. Re4 Ra8 26. Bd1 Bxe4 27. Qxe4 Rd8 28. Bb3 Rh6 29. Bc4 Nd6 30. Bxd6 Rxd6 31. Qa8+ Rd8 32. Qxa6 Rxd4 33. Qa8+ Kh7 34. Bf1 Rf6 35. Qb8 Rd2 36. Qg3 Qc5 37. Qe3 Qc2 38. a6 Qxb2 39. Bd3+ g6 40. Rf1 Qc3 1-0

[Event "48th Indian U15-ch Open 2023"]
[Site "Jalgaon"]
[Date "2023.12.28"]
[Round "3.9"]
[White "Bhuvan Krishna Prasanth"]
[Black "Sureka Akshat"]
[Result "0-1"]
[WhiteElo "1595"]
[BlackElo "1808"]
[PlyCount "114"]
[EventDate "2023.12.30"]
[EventType "swiss"]
[EventCountry "IND"]
[TimeControl "5400+30"]

1. e4 c5 2. Nf3 d6 3. d4 cxd4 4. Nxd4 Nf6 5. Nc3 a6 6. Be3 e5 7. Nb3 Be7 8. Be2 Be6 9. Qd2 Nbd7 10. O-O-O b5 11. f3 h5 12. h3 h4 13. Kb1 Nb6 14. Na5 Qc7 15. a3 Rb8 16. f4 Nc4 17. Nxc4 Bxc4 18. Bxc4 bxc4 19. Ka1 Qb7 20. Rb1 Nxe4 21. Nxe4 Qxe4 22. Rhe1 Qc6 23. Bg1 O-O 24. fxe5 dxe5 25. Rxe5 Bf6 26. Rc5 Qe6 27. c3 Rb3 28. Bd4 Be7 29. Re1 Qd7 30. Rxc4 Rfb8 31. Rb1 Qb5 32. Rb4 Bxb4 33. cxb4 a5 34. Qd1 Qa4 35. Ka2 R3xb4 36. b3 Rxb3 37. Rxb3 Rxb3 38. Qxb3 Qxd4 39. Qb8+ Kh7 40. Qb5 a4 41. Qf5+ Kh6 42. Qxf7 Qd2+ 43. Ka1 Qxg2 44. Qf4+ Qg5 45. Qxa4 Qc1+ 46. Ka2 Qd2+ 47. Ka1 Qe1+ 48. Kb2 Qe2+ 49. Qc2 Qxc2+ 50. Kxc2 g5 51. Kd2 g4 52. Ke2 Kg5 53. hxg4 Kxg4 54. a4 Kg3 55. a5 h3 56. a6 h2 57. a7 h1=Q 0-1

[Event "48th Indian U15-ch Open 2023"]
[Site "Jalgaon"]
[Date "2023.12.28"]
[Round "3.10"]
[White "Bhoir Paras Dilip"]
[Black "Sri Charan Sandipagu"]
[Result "1-0"]
[WhiteElo "1808"]
[BlackElo "1660"]
[PlyCount "87"]
[EventDate "2023.12.30"]
[EventType "swiss"]
[EventCountry "IND"]
[TimeControl "5400+30"]

1. e4 c5 2. Nf3 d6 3. d4 cxd4 4. Nxd4 Nf6 5. Nc3 a6 6. Be2 e5 7. Nb3 Be7 8. O-O O-O 9. Kh1 Nc6 10. f3 Be6 11. Nd5 Bxd5 12. exd5 Nb8 13. c4 Nbd7 14. f4 Rc8 15. Be3 exf4 16. Bxf4 Re8 17. Rc1 Ne4 18. Bd3 Ndc5 19. Nxc5 Nxc5 20. Bf5 Nd7 21. b4 a5 22. Qa4 Nb6 23. Qb5 Ra8 24. Be3 Ra6 25. bxa5 Na8 26. Qxb7 Rxa5 27. Bd7 Rf8 28. a4 Bg5 29. Bxg5 Qxg5 30. Be6 Kh8 31. Ra1 Qe5 32. Qe7 Rb8 33. Qxf7 h6 34. Rae1 Qg5 35. Bf5 Qd8 36. Qg6 Qg8 37. Rf3 Rf8 38. Be6 Re8 39. Rff1 Rxe6 40. dxe6 Nc7 41. e7 Ra8 42. Qxd6 Ne8 43. Qd5 Nf6 44. Rxf6 1-0

[Event "48th Indian U15-ch Open 2023"]
[Site "Jalgaon"]
[Date "2023.12.29"]
[Round "4.1"]
[White "Sureka Akshat"]
[Black "Mayank Chakraborty"]
[Result "1/2-1/2"]
[WhiteElo "1808"]
[BlackElo "2403"]
[PlyCount "108"]
[EventDate "2023.12.30"]
[EventType "swiss"]
[EventCountry "IND"]
[TimeControl "5400+30"]

1. e4 e5 2. Nf3 Nc6 3. Bb5 a6 4. Bxc6 dxc6 5. O-O Qf6 6. d3 Ne7 7. Bg5 Qd6 8. Nbd2 Be6 9. Nc4 Bxc4 10. dxc4 f6 11. Be3 g5 12. Qe2 Ng6 13. Nd2 Qe6 14. Qh5 O-O-O 15. Rfd1 Bb4 16. c3 Be7 17. Qe2 g4 18. b4 h5 19. b5 cxb5 20. cxb5 Nf4 21. Bxf4 exf4 22. bxa6 Qxa6 23. Qxa6 bxa6 24. Nb3 Ba3 25. Rab1 Bb2 26. c4 Bc3 27. Nc5 a5 28. Kf1 f3 29. Rd5 Be5 30. gxf3 gxf3 31. Rb3 c6 32. Rxd8+ Rxd8 33. Rxf3 Rd4 34. Nb3 Rxc4 35. Nxa5 Rc2 36. Rf5 Kc7 37. f4 Bd4 38. Nb3 Be3 39. Rxf6 Rxh2 40. Na5 c5 41. Rf7+ Kd6 42. e5+ Kd5 43. Rd7+ Ke4 44. Ke1 Kf3 45. Kd1 Bxf4 46. e6 Rh1+ 47. Kc2 Re1 48. Rh7 Kg4 49. e7 h4 50. Nc6 h3 51. a4 h2 52. a5 Bg3 53. Rxh2 Bxh2 54. a6 Bb8 1/2-1/2

[Event "48th Indian U15-ch Open 2023"]
[Site "Jalgaon"]
[Date "2023.12.29"]
[Round "4.2"]
[White "Shaik Sumer Arsh"]
[Black "Bhoir Paras Dilip"]
[Result "0-1"]
[WhiteElo "2255"]
[BlackElo "1808"]
[PlyCount "86"]
[EventDate "2023.12.30"]
[EventType "swiss"]
[EventCountry "IND"]
[TimeControl "5400+30"]

1. d4 d5 2. c4 e6 3. Nc3 c6 4. e3 Nf6 5. Nf3 Nbd7 6. Be2 Bd6 7. O-O O-O 8. b3 b6 9. Bb2 Bb7 10. Bd3 Qe7 11. Re1 c5 12. cxd5 exd5 13. Bf5 Rfe8 14. Nb5 Bb8 15. Qc2 Ne4 16. Red1 Ndf6 17. Rac1 g6 18. Bh3 h5 19. dxc5 bxc5 20. Nc3 Bd6 21. Ba1 d4 22. exd4 Bf4 23. Rb1 Nxf2 24. Rf1 Nxh3+ 25. gxh3 cxd4 26. Nd1 Be4 27. Qb2 Bxb1 28. Qxb1 Rad8 29. Qd3 Qe2 30. Qxe2 Rxe2 31. Rf2 Rxf2 32. Nxf2 Be3 33. Kf1 Bxf2 34. Kxf2 Ne4+ 35. Ke1 d3 36. Bd4 Rc8 37. Kd1 Rc2 38. a4 a5 39. h4 Nf2+ 40. Ke1 Re2+ 41. Kf1 Ne4 42. Bb6 Rb2 43. Bxa5 Rf2+ 0-1

[Event "48th Indian U15-ch Open 2023"]
[Site "Jalgaon"]
[Date "2023.12.29"]
[Round "4.3"]
[White "Madhvendra Pratap Sharma"]
[Black "Md Imran"]
[Result "0-1"]
[WhiteElo "1803"]
[BlackElo "2174"]
[PlyCount "114"]
[EventDate "2023.12.30"]
[EventType "swiss"]
[EventCountry "IND"]
[TimeControl "5400+30"]

1. e4 c5 2. Nf3 Nc6 3. d4 cxd4 4. Nxd4 Qb6 5. Nb5 Nf6 6. Be3 Qd8 7. Bc4 a6 8. N5c3 e6 9. Bb3 b5 10. Qe2 Bb7 11. O-O Qc7 12. Nd2 Na5 13. a3 Be7 14. h3 O-O 15. Bg5 d6 16. Rad1 h6 17. Bf4 Nxb3 18. Nxb3 Rfd8 19. Rd3 e5 20. Bg3 a5 21. Nxb5 Qc4 22. Re3 Qxe2 23. Rxe2 Nxe4 24. Nd2 Nxg3 25. fxg3 Rac8 26. c4 d5 27. cxd5 Rc2 28. Rd1 Ba6 29. a4 Rxd5 30. Kh2 Rd8 31. Rf2 Rxb2 32. Ne4 Rxf2 33. Rxd8+ Bxd8 34. Nxf2 Bxb5 35. axb5 a4 36. Nd3 a3 37. Nc1 f5 38. Kg1 Kf7 39. Kf2 Ke6 40. Na2 Kd5 41. Ke3 Kc4 42. g4 Bb6+ 43. Kf3 e4+ 44. Kf4 g5+ 45. Kxf5 e3 46. Nc1 e2 47. Nxe2 a2 48. Ng3 a1=Q 49. Ne4 Qf1+ 50. Kg6 Qb1 51. Kf5 Kd5 52. g3 Qxe4+ 53. Kf6 Bd4+ 54. Kf7 Qe6+ 55. Kf8 Qd7 56. b6 Ke6 57. b7 Qd8# 0-1

[Event "48th Indian U15-ch Open 2023"]
[Site "Jalgaon"]
[Date "2023.12.29"]
[Round "4.4"]
[White "Bivor Adak"]
[Black "Samyak Dharewa"]
[Result "1/2-1/2"]
[WhiteElo "1791"]
[BlackElo "1939"]
[PlyCount "72"]
[EventDate "2023.12.30"]
[EventType "swiss"]
[EventCountry "IND"]
[TimeControl "5400+30"]

1. e4 c5 2. Nf3 e6 3. d4 cxd4 4. Nxd4 a6 5. Bd3 Nf6 6. O-O Qc7 7. Qe2 d6 8. f4 g6 9. Nc3 Bg7 10. e5 Nfd7 11. f5 Nxe5 12. fxe6 Bxe6 13. Nxe6 fxe6 14. Ne4 Nbc6 15. Bg5 Nd4 16. Qd2 Nf5 17. Rxf5 exf5 18. Nxd6+ Kf8 19. Bxf5 h6 20. Rf1 Kg8 21. Bf4 gxf5 22. Qd5+ Kh7 23. Bxe5 Bxe5 24. Qxe5 Rhf8 25. Qe6 Rad8 26. Nxf5 Qc5+ 27. Ne3 Rxf1+ 28. Kxf1 Rf8+ 29. Ke1 Qb4+ 30. c3 Qf4 31. Ke2 Rf7 32. h3 Qf6 33. Qe4+ Qg6 34. Qe5 Rd7 35. g4 Qd3+ 36. Kf3 Rf7+ 1/2-1/2

[Event "48th Indian U15-ch Open 2023"]
[Site "Jalgaon"]
[Date "2023.12.29"]
[Round "4.5"]
[White "Ashwinth Michael"]
[Black "Arshpreet Singh"]
[Result "0-1"]
[WhiteElo "1661"]
[BlackElo "1878"]
[PlyCount "120"]
[EventDate "2023.12.30"]
[EventType "swiss"]
[EventCountry "IND"]
[TimeControl "5400+30"]

1. e4 c5 2. Nf3 Nc6 3. Bb5 Nf6 4. Nc3 Nd4 5. Bc4 d6 6. h3 a6 7. a4 Qa5 8. d3 b5 9. Bd5 Nxd5 10. exd5 b4 11. Ne4 b3+ 12. Bd2 bxc2 13. Bxa5 cxd1=Q+ 14. Rxd1 Nxf3+ 15. gxf3 Bb7 16. Nc3 e6 17. d4 c4 18. b4 cxb3 19. Rb1 exd5 20. Rxb3 Bc6 21. Kd2 Kd7 22. Kd3 Be7 23. Rhb1 Bf6 24. Ne2 Ke6 25. f4 Bxa4 26. f5+ Kxf5 27. Ng3+ Kg6 28. Rb6 Bb5+ 29. Ke3 Rhe8+ 30. Kf3 Bd8 31. Rxd6+ f6 32. Bxd8 Raxd8 33. Rxd8 Rxd8 34. Rc1 Bc4 35. Rb1 a5 36. Rb7 Ra8 37. Kf4 f5 38. Nxf5 a4 39. Ke5 Re8+ 40. Ne7+ Kf7 41. Kd6 Kf8 42. Ra7 a3 43. Nf5 a2 44. Ne3 Bb3 45. Kc5 Rc8+ 46. Kb4 Rc1 47. Kxb3 a1=Q 48. Rxa1 Rxa1 49. Nxd5 Rh1 50. Kc4 Rxh3 51. f4 h5 52. Kc5 h4 53. Nc7 Rc3+ 54. Kd6 h3 55. Ne6+ Kg8 56. Ke7 h2 57. d5 h1=Q 58. d6 Qh4+ 59. Ke8 Re3 60. f5 Qf6 0-1

[Event "48th Indian U15-ch Open 2023"]
[Site "Jalgaon"]
[Date "2023.12.29"]
[Round "4.6"]
[White "Vignesh Advaith Vemula"]
[Black "Jaidambareesh N R"]
[Result "1-0"]
[WhiteElo "2028"]
[BlackElo "1757"]
[PlyCount "141"]
[EventDate "2023.12.30"]
[EventType "swiss"]
[EventCountry "IND"]
[TimeControl "5400+30"]

1. e4 c5 2. Nf3 Nc6 3. d4 cxd4 4. Nxd4 Nf6 5. Nc3 e5 6. Ndb5 d6 7. Bg5 a6 8. Na3 b5 9. Nd5 Be7 10. Bxf6 Bxf6 11. c4 b4 12. Nc2 O-O 13. g3 a5 14. h4 g6 15. Bh3 Bb7 16. O-O Bg7 17. Qd3 Ne7 18. Nce3 Kh8 19. Nxe7 Qxe7 20. Rfd1 Rad8 21. Rac1 Qc7 22. Rc2 Qc5 23. Nd5 Rde8 24. Ne3 Bh6 25. Re2 f5 26. Qxd6 Qxd6 27. Rxd6 Bxe4 28. Bg2 Bb1 29. b3 f4 30. Ng4 Bg7 31. Be4 Bxe4 32. Rxe4 h5 33. Nh2 fxg3 34. fxg3 Rd8 35. Rxd8 Rxd8 36. Nf3 Rd3 37. Kf2 Rc3 38. Re3 Rc1 39. Re1 Rc3 40. Ng5 a4 41. Ne4 Rc2+ 42. Re2 axb3 43. axb3 Rc1 44. Rd2 Bh6 45. Rd8+ Kg7 46. Rd7+ Kg8 47. Rb7 Rc2+ 48. Ke1 Be3 49. Kd1 Rg2 50. Rxb4 Kf7 51. c5 Ke6 52. c6 Rg1+ 53. Ke2 Bd4 54. Rc4 Bb6 55. c7 Bxc7 56. Rxc7 Kf5 57. Kf2 Rb1 58. Nd2 Rb2 59. Ke3 Kg4 60. Kd3 Kxg3 61. Ra7 e4+ 62. Kc3 Rxb3+ 63. Kxb3 e3 64. Nf1+ Kxh4 65. Nxe3 g5 66. Kc3 Kg3 67. Kd3 h4 68. Ke2 h3 69. Rh7 g4 70. Nxg4 Kxg4 71. Kf2 1-0

[Event "48th Indian U15-ch Open 2023"]
[Site "Jalgaon"]
[Date "2023.12.29"]
[Round "4.7"]
[White "Pavan Karthikeya Varma Gunturi"]
[Black "Vivaan Vijay Saraogi"]
[Result "1-0"]
[WhiteElo "1538"]
[BlackElo "1982"]
[PlyCount "113"]
[EventDate "2023.12.30"]
[EventType "swiss"]
[EventCountry "IND"]
[TimeControl "5400+30"]

1. e4 c5 2. Nc3 Nc6 3. Bb5 g6 4. Bxc6 dxc6 5. d3 Bg7 6. f4 c4 7. Be3 cxd3 8. cxd3 Qa5 9. Qd2 Be6 10. Nge2 O-O-O 11. O-O Nf6 12. b4 Qxb4 13. Rab1 Qa3 14. Qc2 Ng4 15. Rf3 Nxe3 16. Rxe3 Qc5 17. Kf2 Bxa2 18. Qxa2 Rxd3 19. Nd1 Rhd8 20. Qxf7 Rxd1 21. Rxd1 Rxd1 22. Qg8+ Rd8 23. Qxh7 Rd3 24. Qh3+ Kd8 25. Qf3 Bb2 26. e5 g5 27. fxg5 Bxe5 28. g6 Kc7 29. h4 Bf6 30. h5 Kb6 31. Qe4 Rb3 32. g4 Bg5 33. Nf4 e5 34. Nd3 Qc2+ 35. Re2 Qxd3 36. Qxd3 Rxd3 37. Rxe5 Bh4+ 38. Ke2 Rg3 39. Re4 Rg2+ 40. Kd1 Bg5 41. g7 Rd2+ 42. Ke1 Rd8 43. Re6 Rg8 44. Rg6 Be3 45. g5 Kc5 46. h6 Bd4 47. Rf6 Kb5 48. Kf1 Ka6 49. Kg2 b5 50. Kf3 Ka5 51. h7 Rxg7 52. h8=Q Rxg5 53. Qd8+ Bb6 54. Qd2+ Ka6 55. Qxg5 Bd8 56. Rxc6+ Kb7 57. Qxb5+ 1-0

[Event "48th Indian U15-ch Open 2023"]
[Site "Jalgaon"]
[Date "2023.12.29"]
[Round "4.8"]
[White "Mrithyunjay Mahadevan"]
[Black "Nalinakhya Kashyap"]
[Result "1-0"]
[WhiteElo "1944"]
[BlackElo "1558"]
[PlyCount "87"]
[EventDate "2023.12.30"]
[EventType "swiss"]
[EventCountry "IND"]
[TimeControl "5400+30"]

1. c4 e5 2. g3 c6 3. d4 e4 4. f3 Nf6 5. Nc3 Bb4 6. Qb3 c5 7. d5 O-O 8. Bg5 d6 9. fxe4 Nbd7 10. Nf3 Qa5 11. Nd2 h6 12. Bf4 Ne5 13. Rc1 Qd8 14. Bxe5 dxe5 15. a3 Ba5 16. Bg2 Ng4 17. h3 Ne3 18. Kf2 Nxg2 19. Kxg2 Qg5 20. Qc2 f5 21. exf5 Bxf5 22. e4 Bd7 23. Qd3 Qh5 24. Nf3 Rf6 25. Ne2 Raf8 26. Rcf1 b5 27. b3 bxc4 28. bxc4 Rb8 29. g4 Qe8 30. Rb1 Rbb6 31. Rxb6 axb6 32. Rd1 b5 33. d6 bxc4 34. Qxc4+ Kh7 35. Qxc5 Qd8 36. Qxe5 Bb6 37. Ng3 Ba4 38. Rd3 Qf8 39. d7 Rf7 40. Qe6 Bd8 41. Qe8 Qe7 42. Nf5 Bxd7 43. Qxe7 Bxe7 44. Rxd7 1-0

[Event "48th Indian U15-ch Open 2023"]
[Site "Jalgaon"]
[Date "2023.12.29"]
[Round "4.9"]
[White "Guru Prakash"]
[Black "Daksh Goyal"]
[Result "0-1"]
[WhiteElo "1701"]
[BlackElo "1814"]
[PlyCount "84"]
[EventDate "2023.12.30"]
[EventType "swiss"]
[EventCountry "IND"]
[TimeControl "5400+30"]

1. e4 c6 2. Nf3 d5 3. Nc3 Bg4 4. Be2 Nf6 5. d3 e6 6. O-O Bb4 7. Bd2 a5 8. a3 Be7 9. Ne5 Bxe2 10. Qxe2 O-O 11. f4 b5 12. g4 Nfd7 13. Nf3 dxe4 14. Nxe4 c5 15. Be3 Nc6 16. d4 cxd4 17. Nxd4 Nxd4 18. Bxd4 Nf6 19. Rad1 Nxe4 20. Qxe4 Qc7 21. f5 Ra6 22. c3 exf5 23. Rxf5 Re6 24. Qf3 Bd6 25. h3 Be5 26. Bf2 g6 27. Rxe5 Rxe5 28. Rd4 Re6 29. Rd5 Qc6 30. Qd3 Rb8 31. Bg3 Qb6+ 32. Bf2 Qc6 33. Bg3 Rbe8 34. Qxb5 Qc8 35. Rd2 Re3 36. Rg2 Qd8 37. Kh2 Qd1 38. b4 Re2 39. bxa5 Qf1 40. Bf2 R8e6 41. Qb8+ Kg7 42. Qf4 Rf6 0-1

[Event "48th Indian U15-ch Open 2023"]
[Site "Jalgaon"]
[Date "2023.12.29"]
[Round "4.10"]
[White "Jain, Kushagra"]
[Black "Agnivo Chakraborty"]
[Result "1-0"]
[WhiteElo "1804"]
[BlackElo "1690"]
[PlyCount "97"]
[EventDate "2023.12.30"]
[EventType "swiss"]
[EventCountry "IND"]
[TimeControl "5400+30"]

1. e4 e5 2. Nf3 Nc6 3. Bb5 a6 4. Ba4 Nge7 5. O-O g6 6. c3 Bg7 7. d4 exd4 8. cxd4 O-O 9. d5 Na5 10. Nc3 b5 11. Bc2 d6 12. Nd4 Bb7 13. Bg5 b4 14. Nce2 c5 15. dxc6 Naxc6 16. Nxc6 Bxc6 17. Nd4 Bb7 18. Qd2 Rb8 19. Rad1 Re8 20. Ba4 Rf8 21. Rfe1 Qa5 22. Bxe7 Qxa4 23. Bxf8 Rxf8 24. b3 Qa3 25. Rc1 Ba8 26. Rc4 d5 27. exd5 Bxd5 28. Qxb4 Qb2 29. Qc3 Qxc3 30. Rxc3 Bxd4 31. Rd3 Bxb3 32. axb3 Bb6 33. Rd6 Rb8 34. Rc1 a5 35. g4 Kf8 36. Rd5 Bd8 37. g5 Ke8 38. Rc3 Kf8 39. Rcd3 Ke8 40. Kg2 Ra8 41. h4 Be7 42. R3d4 Ra7 43. Re5 Kf8 44. Rdd5 a4 45. bxa4 Rxa4 46. Rd7 Ba3 47. Rd8+ Kg7 48. Ree8 f6 49. Rd7+ 1-0

[Event "48th Indian U15-ch Open 2023"]
[Site "Jalgaon"]
[Date "2023.12.30"]
[Round "5.1"]
[White "Md Imran"]
[Black "Arshpreet Singh"]
[Result "1-0"]
[WhiteElo "2174"]
[BlackElo "1878"]
[PlyCount "30"]
[EventDate "2023.12.30"]
[EventType "swiss"]
[EventCountry "IND"]
[TimeControl "5400+30"]

1. e4 c5 2. Nf3 Nc6 3. d4 cxd4 4. Nxd4 g6 5. c4 Bg7 6. Be3 Nf6 7. Nc3 O-O 8. Be2 d6 9. Qd2 Bd7 10. O-O Nxd4 11. Bxd4 a5 12. Rfd1 a4 13. c5 dxc5 14. Bxf6 Bxf6 15. Qxd7 Qb6 1-0

[Event "48th Indian U15-ch Open 2023"]
[Site "Jalgaon"]
[Date "2023.12.30"]
[Round "5.2"]
[White "Bhoir Paras Dilip"]
[Black "Vignesh Advaith Vemula"]
[Result "1/2-1/2"]
[WhiteElo "1808"]
[BlackElo "2028"]
[PlyCount "91"]
[EventDate "2023.12.30"]
[EventType "swiss"]
[EventCountry "IND"]
[TimeControl "5400+30"]

1. e4 c5 2. Nf3 d6 3. d4 cxd4 4. Nxd4 Nf6 5. Nc3 a6 6. Be2 e5 7. Nb3 Be7 8. O-O O-O 9. Kh1 Nc6 10. f3 Be6 11. Nd5 a5 12. Be3 a4 13. Nc1 Bxd5 14. exd5 Nd4 15. Bxd4 exd4 16. Qxd4 Qa5 17. c4 Nd7 18. Rb1 Bf6 19. Qd1 Nc5 20. b4 axb3 21. Nxb3 Nxb3 22. Rxb3 Qc7 23. Qc2 Bd4 24. Bd3 g6 25. Qd2 Bc5 26. f4 f5 27. Re1 b6 28. Re2 Qg7 29. Qc3 Rfe8 30. Rxe8+ Rxe8 31. Qxg7+ Kxg7 32. Rb1 Ra8 33. Rb2 Ra3 34. Be2 h6 35. g3 g5 36. Kg2 gxf4 37. gxf4 Kf6 38. h4 Bd4 39. Rd2 Bc5 40. Bh5 Be3 41. Re2 Bxf4 42. Re6+ Kg7 43. Re7+ Kf6 44. Re6+ Kg7 45. Re7+ Kf6 46. Re6+ 1/2-1/2

[Event "48th Indian U15-ch Open 2023"]
[Site "Jalgaon"]
[Date "2023.12.30"]
[Round "5.3"]
[White "Mayank Chakraborty"]
[Black "Jain, Kushagra"]
[Result "1-0"]
[WhiteElo "2403"]
[BlackElo "1804"]
[PlyCount "135"]
[EventDate "2023.12.30"]
[EventType "swiss"]
[EventCountry "IND"]
[TimeControl "5400+30"]

1. d4 Nf6 2. c4 c5 3. d5 b5 4. cxb5 a6 5. bxa6 e6 6. Nc3 exd5 7. Nxd5 Be7 8. Nxe7 Qxe7 9. e3 O-O 10. Nf3 Rxa6 11. Bxa6 Bxa6 12. Ng1 d5 13. Ne2 d4 14. O-O Rd8 15. e4 Qxe4 16. Ng3 Qd5 17. Re1 Nc6 18. b3 Bb7 19. f3 h6 20. Bb2 Ba6 21. Qd2 Ne5 22. Ne4 Nxe4 23. Rxe4 f5 24. Ree1 Nd3 25. Red1 Re8 26. Ba3 Re3 27. Qa5 Bb7 28. Rxd3 Rxd3 29. Qxc5 Qe6 30. Qe7 Qe3+ 31. Kh1 Qxe7 32. Bxe7 Rd2 33. Kg1 d3 34. Bb4 Rc2 35. Rd1 Ba6 36. Rd2 Rc1+ 37. Kf2 f4 38. g3 fxg3+ 39. hxg3 Kf7 40. Ke3 Re1+ 41. Kd4 Rg1 42. Bd6 Rc1 43. Bf4 Rf1 44. b4 Ke6 45. Kc5 Rb1 46. a4 Rb3 47. b5 Bb7 48. Rf2 Ra3 49. a5 Bd5 50. a6 g5 51. Bd2 Ra2 52. g4 Rc2+ 53. Kb6 Kd7 54. a7 Kc8 55. f4 gxf4 56. Rxf4 Rxd2 57. Rc4+ Kd7 58. Rd4 Ke6 59. Rxd5 Kxd5 60. a8=Q+ Kc4 61. Qc6+ Kb3 62. Qxh6 Re2 63. Qc1 Rc2 64. Qe3 Kc4 65. g5 d2 66. Qe2+ Kc3 67. g6 Rc1 68. g7 1-0

[Event "48th Indian U15-ch Open 2023"]
[Site "Jalgaon"]
[Date "2023.12.30"]
[Round "5.4"]
[White "Sureka Akshat"]
[Black "Mrithyunjay Mahadevan"]
[Result "1-0"]
[WhiteElo "1808"]
[BlackElo "1944"]
[PlyCount "83"]
[EventDate "2023.12.30"]
[EventType "swiss"]
[EventCountry "IND"]
[TimeControl "5400+30"]

1. b3 e5 2. Bb2 Nc6 3. c4 g6 4. Nc3 Bg7 5. g3 Nge7 6. Bg2 O-O 7. d3 f5 8. Nd5 d6 9. e3 Be6 10. a3 Rb8 11. Ne2 b5 12. Qc2 bxc4 13. dxc4 Bf7 14. f4 Nxd5 15. Bxd5 Ne7 16. Bxf7+ Rxf7 17. O-O c6 18. fxe5 dxe5 19. b4 a5 20. Bc3 Qb6 21. Bd2 axb4 22. axb4 f4 23. Qb3 Nf5 24. c5 Qb5 25. Ra7 Rbf8 26. Rf2 f3 27. e4 fxe2 28. exf5 g5 29. f6 Bh6 30. Rxf7 Rxf7 31. Qe3 Qa4 32. Qxe2 Qa1+ 33. Kg2 Qd4 34. Qh5 Qe4+ 35. Kg1 Qb1+ 36. Kg2 Qe4+ 37. Kg1 Qb1+ 38. Rf1 Qg6 39. Qxg6+ hxg6 40. h4 Rd7 41. hxg5 Rxd2 42. f7+ 1-0